 Dungeon Sprint DCSS version 0.26-a0-662-g8b9c6dab81 (webtiles) character file.

Game seed: 10459915428902585643

3124 looop the Frost Mage (level 9, 0/78 (79) HPs)
             Began as a Barachi Ice Elementalist on Oct 9, 2020.
             Was a High Priest of Sif Muna.
             Slain by a centaur warrior (2 damage)
             ... in the Dungeon (Sprint III: "The Ten Rune Challenge").
             The game lasted 00:06:29 (1884 turns).

looop the Frost Mage (Barachi Ice Elementalist)     Turns: 1884, Time: 00:06:29

HP:   0/78 (79)     AC: 12    Str: 13    XL:     9   Next: 91%
MP:   7/22          EV: 18    Int: 20    God:    Sif Muna [*****.]
Gold: 3331          SH:  0    Dex: 13    Spells: 11/26 levels left

rFire    . . .     SeeInvis .   o - +0 long sword (holy)
rCold    . . .     Faith    .   (no shield)
rNeg     . . .     Spirit   .   a - +0 robe
rPois    .         Reflect  .   (no helmet)
rElec    .         Harm     .   (no cloak)
rCorr    .         Rampage  .   r - +0 pair of gloves {Str+3}
MR       .....     NoTele   +   (no boots)
Stlth    ++........             (no amulet)
HPRegen  0.23/turn              (no ring)
MPRegen  0.18/turn              (no ring)

@: icy armour, slow
A: +LOS, swims, hooves 1, clever 1, slowness 1, strong legs 1
a: Hop, Channel Magic, Forget Spell, Divine Exegesis, Renounce Religion


You were in the Dungeon.
You worshipped Sif Muna.
Sif Muna was extremely pleased with you.
You visited 1 branch You collected 3541 gold pieces.
You spent 210 gold pieces at shops.

Inventory:

Hand Weapons
 o - a +0 long sword of holy wrath (weapon)
Armour
 a - a +0 robe (worn)
 r - a +0 pair of gloves of strength (worn)
Wands
 p - a wand of flame (3)
Scrolls
 b - a scroll of immolation {unknown}
 h - a scroll of blinking
 i - a scroll of fog {unknown}
 j - 2 scrolls of remove curse
 m - a scroll of torment {unknown}
 n - 2 scrolls of identify {unknown}
Potions
 c - 2 potions of curing
 d - a potion of heal wounds
 e - a potion of haste
 f - 2 potions of magic
 g - 2 potions of berserk rage
 k - a potion of stabbing {unknown}
 l - 2 potions of flight {unknown}
Miscellaneous
 q - a lightning rod (4/4)


   Skills:
 + Level 10.6 Fighting
 + Level 10.0 Dodging
 - Level 1.7 Stealth
 + Level 9.3 Spellcasting
 - Level 5.9 Conjurations
 + Level 5.7 Summonings
 * Level 14.9 Ice Magic
 + Level 6.8 Invocations


You had 11 spell levels left.
You knew the following spells:

 Your Spells              Type           Power        Failure   Level
a - Freeze                Ice            ####         0%          1
b - Frozen Ramparts       Ice            ######       1%          3
c - Ozocubu's Armour      Ice            ######..     1%          3
d - Hailstorm             Conj/Ice       ######..     1%          4
e - Summon Ice Beast      Ice/Summ       ######..     1%          4

Your spell library contained the following spells:

 Spells                   Type           Power        Failure   Level
 Call Canine Familiar     Summ           ####....     1%          3
 Ice Form                 Ice/Tmut       #####...     3%          4
 Beastly Appendage        Tmut           #.....       8%          1
 Wereblood                Tmut           #.......     11%         2
 Iskenderun's Battlesphe  Conj           ####....     19%         5
 Summon Demon             Summ           ####......   19%         5
 Spider Form              Tmut/Pois      #.........   22%         3
 Bolt of Magma            Conj/Fire/Erth ###.......   65%         5
 Blade Hands              Tmut           #.........   90%         5
 Iron Shot                Conj/Erth      ###.......   97%         6
 Orb of Destruction       Conj           ####......   99%         7
 Spellforged Servitor     Conj/Summ      ####......   99%         7
 Summon Hydra             Summ           ####......   99%         7
 Summon Horrible Things   Summ           ####......   100%        8
 Dragon's Call            Summ           ####......   100%        9


Dungeon Overview and Level Annotations

Branches:
Dungeon (1/1)

Altars:
Cheibriados
Dithmenos
Elyvilon
Fedhas
Gozag
Hepliaklqana
Kikubaaqudgha
Makhleb
Nemelex Xobeh
Okawaru
Qazlal
Ru
Sif Muna
Trog
Uskayaw
Vehumet
Wu Jian
Xom
Yredelemnul
Zin
The Shining One
Beogh
Jiyva
Lugonu

Shops:
D [


Innate Abilities, Weirdness & Mutations

You can be seen from farther away. (+LOS)
You can swim through water.
You cover ground slowly.
You can hop short distances.
You have large cloven feet.
Your mind is acute. (Int +2)


Message History

You kick the centaur warrior, but do no damage.
The centaur warrior is heavily wounded.
The wall freezes the centaur warrior.
The centaur warrior closely misses you.
You hit the centaur warrior but do no damage.
You kick the centaur warrior, but do no damage.
The centaur warrior is heavily wounded.
The wall freezes the centaur warrior!
The centaur warrior hits you!
The wall freezes the centaur warrior.
The centaur warrior hits you!
* * * LOW HITPOINT WARNING * * *
You hit the centaur warrior but do no damage.
The centaur warrior is severely wounded.
The frozen ramparts melt away.
The centaur warrior closely misses you. The centaur warrior hits you.
* * * LOW HITPOINT WARNING * * *
Casting: Hailstorm (dangerous; 1% risk of failure)
Confirm with . or Enter, or press ? or * to list all spells.
A film of ice covers your body! The centaur warrior hits you!
* * * LOW HITPOINT WARNING * * *
The centaur warrior hits you.
You die...

#########.##..####
___#__##..#∩##...+
__.#._#.........#
)###)##.........#
......#........##
......#)#.####.#
#####'#§##.# ###
__#...#'#############
__#...#[§§§§§§#)@.).+
__#..Y#§#≈≈§#§#:#c..#
__#...))#§§.#.#.#...#
__'...#.#§.§#...#...#
▓▓▓▓▓▓▓▓▓▓▓▓▓▓▓▓▓▓▓▓#


You could see a centaur warrior.

Vanquished Creatures
  Josephine (D)
  An orc knight (D)
  A deep elf mage (D)
  An orc sorcerer (D)
  A shadow (D)
  A spatial vortex (D)
  An orc warrior (D)
  A necrophage (D)
  2 centaurs (D)
  A water elemental (D)
  A jelly (D)
  2 orc priests (D)
  3 orc wizards (D)
  Jessica (D)
  A wizard (D)
  A necromancer (D)
  2 humans (D)
  A kobold demonologist (D)
  A wolf (D)
  An ooze (D)
  9 orcs (D)
  2 rats (D)
36 creatures vanquished.

Vanquished Creatures (collateral kills)
  A human (D)
  An earth elemental (D)
  An orc (D)
3 creatures vanquished.

Grand Total: 39 creatures vanquished

Notes
Turn   | Place    | Note
-------+----------+-------------------------------------------
     0 | D        | looop the Barachi Ice Elementalist began the quest for the
                  | Orb.
     0 | D        | Reached XP level 1. HP: 13/13 MP: 3/3
     8 | D        | Reached skill level 1 in Fighting
     8 | D        | Reached skill level 5 in Ice Magic
   106 | D        | Noticed Jessica
   112 | D        | Killed Jessica
   112 | D        | Reached skill level 6 in Ice Magic
   112 | D        | Reached XP level 2. HP: 20/23 MP: 3/6
   112 | D        | Reached XP level 3. HP: 25/28 MP: 3/7
   147 | D        | Learned a level 3 spell: Frozen Ramparts
   151 | D        | Learned a level 3 spell: Ozocubu's Armour
   178 | D        | Reached skill level 7 in Ice Magic
   240 | D        | Reached XP level 4. HP: 10/37 MP: 6/10
   253 | D        | Learned a level 4 spell: Hailstorm
   269 | D        | Gained mutation: Scrolls take you a little longer to read.
                  | [potion of mutation]
   269 | D        | Gained mutation: You are robust. (+10% HP) [potion of
                  | mutation]
   269 | D        | Gained mutation: Your magical capacity is low. (-10% MP)
                  | [potion of mutation]
   269 | D        | Gained mutation: You are very robust. (+20% HP) [potion of
                  | mutation]
   270 | D        | Lost mutation: Your magical capacity is low. (-10% MP)
                  | [potion of mutation]
   270 | D        | Lost mutation: You are very robust. (+20% HP) [potion of
                  | mutation]
   270 | D        | Lost mutation: Scrolls take you a little longer to read.
                  | [potion of mutation]
   270 | D        | Gained mutation: You are weak. (Str -2) [potion of
                  | mutation]
   270 | D        | Gained mutation: You have large cloven feet. [potion of
                  | mutation]
   271 | D        | Lost mutation: You are weak. (Str -2) [potion of mutation]
   271 | D        | Lost mutation: You are robust. (+10% HP) [potion of
                  | mutation]
   271 | D        | Lost mutation: You have large cloven feet. [potion of
                  | mutation]
   271 | D        | Gained mutation: Your body sometimes deteriorates upon
                  | taking damage. [potion of mutation]
   271 | D        | Gained mutation: You are agile. (Dex +2) [potion of
                  | mutation]
   271 | D        | Gained mutation: Your spells are a little harder to cast,
                  | but a little more powerful. [potion of mutation]
   272 | D        | Lost mutation: Your spells are a little harder to cast, but
                  | a little more powerful. [potion of mutation]
   272 | D        | Lost mutation: Your body sometimes deteriorates upon taking
                  | damage. [potion of mutation]
   272 | D        | Lost mutation: You are agile. (Dex +2) [potion of mutation]
   272 | D        | Gained mutation: Your body sometimes deteriorates upon
                  | taking damage. [potion of mutation]
   272 | D        | Gained mutation: Your body often deteriorates upon taking
                  | damage. [potion of mutation]
   272 | D        | Gained mutation: You expend magic power (3 MP) to
                  | strengthen your wands. [potion of mutation]
   273 | D        | Lost mutation: Your body often deteriorates upon taking
                  | damage. [potion of mutation]
   273 | D        | Lost mutation: You expend magic power (3 MP) to strengthen
                  | your wands. [potion of mutation]
   273 | D        | Lost mutation: Your body sometimes deteriorates upon taking
                  | damage. [potion of mutation]
   273 | D        | Gained mutation: Your mind is acute. (Int +2) [potion of
                  | mutation]
   273 | D        | Gained mutation: You have large cloven feet. [potion of
                  | mutation]
   469 | D        | Noticed a water elemental
   476 | D        | Killed a water elemental
   476 | D        | Reached skill level 5 in Dodging
   476 | D        | Reached skill level 8 in Ice Magic
   476 | D        | Reached XP level 5. HP: 43/43 MP: 2/12
   645 | D        | Found a radiant altar of Vehumet.
   646 | D        | Found a shimmering blue altar of Sif Muna.
   646 | D        | Found an ancient bone altar of Kikubaaqudgha.
   648 | D        | Reached skill level 5 in Fighting
   648 | D        | Reached skill level 5 in Spellcasting
   648 | D        | Reached skill level 9 in Ice Magic
   657 | D        | Became a worshipper of Sif Muna the Loreminder
   681 | D        | Found a glowing silver altar of Zin.
   681 | D        | Found a glowing golden altar of the Shining One.
   681 | D        | Found a white marble altar of Elyvilon.
   682 | D        | Noticed a deep elf mage
   689 | D        | Killed a deep elf mage
   689 | D        | Reached skill level 11 in Ice Magic
   689 | D        | Reached XP level 6. HP: 55/55 MP: 5/15
   689 | D        | Reached XP level 7. HP: 60/60 MP: 5/17
   776 | D        | Learned a level 4 spell: Summon Ice Beast
   778 | D        | Found a hide-covered altar of Uskayaw.
   778 | D        | Found a roughly hewn altar of Beogh.
   778 | D        | Found an iron altar of Okawaru.
   778 | D        | Found a bloodstained altar of Trog.
   778 | D        | Found an ornate altar of the Wu Jian Council.
   778 | D        | Noticed a human
   780 | D        | Noticed a human
   784 | D        | Killed a human
   785 | D        | Killed a human
   785 | D        | Reached * piety under Sif Muna
   785 | D        | Reached skill level 5 in Conjurations
   785 | D        | Reached skill level 12 in Ice Magic
   896 | D        | Found a basalt altar of Yredelemnul.
   896 | D        | Found a shadowy altar of Dithmenos.
   896 | D        | Found a sacrificial altar of Ru.
   900 | D        | Reached XP level 8. HP: 65/68 MP: 12/19
   950 | D        | Reached ** piety under Sif Muna
   970 | D        | Noticed a shadow
   987 | D        | Killed a shadow
  1148 | D        | Found a blossoming altar of Fedhas.
  1148 | D        | Found a stormy altar of Qazlal.
  1149 | D        | Found a snail-covered altar of Cheibriados.
  1149 | D        | Found a burning altar of Makhleb.
  1149 | D        | Found a hazy altar of Hepliaklqana.
  1149 | D        | Found a shimmering altar of Xom.
  1149 | D        | Found an opulent altar of Gozag.
  1149 | D        | Found a sparkling altar of Nemelex Xobeh.
  1149 | D        | Found a corrupted altar of Lugonu.
  1149 | D        | Found a viscous altar of Jiyva.
  1155 | D        | Reached skill level 5 in Invocations
  1345 | D        | Noticed Josephine
  1346 | D        | Noticed an orc knight
  1354 | D        | Reached *** piety under Sif Muna
  1362 | D        | Killed an orc knight
  1362 | D        | Reached skill level 13 in Ice Magic
  1362 | D        | Reached XP level 9. HP: 76/76 MP: 17/21
  1367 | D        | Killed Josephine
  1367 | D        | Reached **** piety under Sif Muna
  1367 | D        | Reached skill level 10 in Fighting
  1367 | D        | Reached skill level 14 in Ice Magic
  1372 | D        | Noticed an orc sorcerer
  1372 | D        | Reached ***** piety under Sif Muna
  1380 | D        | Identified Sif Muna's Reference Book on Summoning (Sif Muna
                  | gifted it to you in the Dungeon)
  1380 | D        | Received a gift from Sif Muna
  1383 | D        | Killed an orc sorcerer
  1383 | D        | Reached skill level 5 in Summonings
  1590 | D        | Found Ytath's Antique Armour Shoppe.
  1620 | D        | Bought a pair of embroidered gloves for 210 gold pieces
  1871 | D        | Noticed a centaur warrior
  1876 | D        | Reached skill level 10 in Dodging
  1878 | D        | Identified Backymna's Reference Book on Poisoning and the
                  | Glacier (Sif Muna gifted it to you in the Dungeon)
  1878 | D        | Received a gift from Sif Muna
  1884 | D        | HP: 2/78 [centaur warrior (7)]
  1884 | D        | Slain by a centaur warrior

Illustrated notes

Levels and vault maps discovered:
D:        dungeon_sprint_mu [sprint_mu_entry_forest, sprint_mu_temple_rooms,
          sprint_mu_d1_horrors, sprint_mu_d2_genie, sprint_mu_d3_branching,
          sprint_mu_orc_legion, sprint_mu_elf_gauntlet, sprint_mu_hive_nellie,
          sprint_mu_lair_fedhas, sprint_mu_vaults_butterflies,
          sprint_mu_slime_circle, sprint_mu_shoals_archi,
          sprint_mu_snake_twists, sprint_mu_blade_basic,
          sprint_mu_crypt_fortress, sprint_mu_tomb_spiral,
          sprint_mu_vestibule_basic, sprint_mu_gehenna_hellfire,
          sprint_mu_dis_giant, sprint_mu_tartarus_statrot,
          sprint_mu_cocytus_islands, sprint_mu_zot1]

Skill      XL: |  1  2  3  4  5  6  7  8  9 |
---------------+----------------------------+-----
Fighting       | 2 3 4 7 8 9 10 | 10.6
Ice Magic      | 6 7 8 11 12 13 14 | 14.9
Dodging        | 3 4 5 7 8 10 | 10.0
Spellcasting   | 3 4 6 7 8 9 |  9.3
Conjurations   | 4 5 |  5.9
Invocations    | 3 4 5 6 |  6.8
Summonings     | 3 5 |  5.7
Stealth        | |  1.7

Action                   |  1- 3 |  4- 6 |  7- 9 || total
-------------------------+-------+-------+-------++-------
Melee: Unarmed           |     7 |       |       ||     7
       Long sword        |       |       |    28 ||    28
       Kick              |       |       |    10 ||    10
 Cast: Freeze            |     7 |     4 |       ||    11
       Frozen Ramparts   |     2 |     3 |    11 ||    16
       Hailstorm         |       |     1 |    14 ||    15
       Ozocubu's Armour  |       |     1 |     6 ||     7
       Summon Ice Beast  |       |       |    11 ||    11
Invok: Channel Magic     |       |       |     2 ||     2
 Abil: Hop               |       |       |     1 ||     1
Evoke: Wand              |       |       |     2 ||     2
  Use: Potion            |       |     5 |       ||     5
 Stab: Distracted        |       |       |     1 ||     1
Armor: Robe              |     1 |     1 |     3 ||     5
Dodge: Dodged            |     4 |     3 |    21 ||    28
       Rpst.: Long sword |       |       |     7 ||     7

Table legend: (Time is in decaauts)
 A = Elapsed time spent in this place.
 B = Non-inter-level travel time spent in this place.
 C = Inter-level travel time spent in this place.
 D = Time resting spent in this place.
 E = Time spent auto-exploring this place.
 F = Levels seen in this place.
 G = Mean time per level.
                   A        B        C        D        E       F      G
               +--------+--------+--------+--------+--------+-----+--------+
         Total |   1948 |   1881 |     67 |   1414 |     42 |   1 | 1948.0 |
       Dungeon |   1948 |   1881 |     67 |   1414 |     42 |   1 | 1948.0 |
               +--------+--------+--------+--------+--------+-----+--------+

Top non-repeatable levels by time:
       D: 1948 daAuts
